 Dungeon Crawl Stone Soup version 0.26-a0-712-ga5a9c9c9d0 (webtiles) character file.

Game seed: 16316425410028286133

20666 imnewhereh the Nimble (level 12, 92/92 HPs)
             Began as a Gnoll Arcane Marksman on Oct 30, 2020.
             Was the Champion of Elyvilon.
             Quit the game on level 2 of the Lair of Beasts on Nov 11, 2020.
             The game lasted 01:20:41 (17440 turns).

imnewhereh the Nimble (Gnoll Arcane Marksman)      Turns: 17440, Time: 01:20:42

Health: 92/92      AC: 11    Str: 18    XL:     12   Next: 81%
Magic:  24/24      EV: 20    Int: 21    God:    Elyvilon [******]
Gold:   1074       SH: 13    Dex: 16    Spells: 4/27 levels left

rFire    . . .     SeeInvis .   b - +1 hand crossbow
rCold    . . .     Faith    .   E - +2 buckler
rNeg     . . .     Spirit   .   I - +0 steam dragon scales
rPois    .         Reflect  +   y - +2 helmet
rElec    .         Harm     .   (no cloak)
rCorr    .         Rampage  .   (no gloves)
MR       .....     Rnd*Rage +   o - +0 pair of boots
Stlth    ++++......             e - amulet of reflection
HPRegen  0.25/turn              f - +6 ring of strength
MPRegen  0.19/turn              j - +4 ring of slaying

@: no status effects
A: distributed training, fangs 1, repulsion field 1, berserk 1, strong nose
a: Lesser Healing, Heal Other, Purification, Greater Healing, Divine Vigour,
Divine Protection, Renounce Religion


You were on level 2 of the Lair of Beasts.
You worshipped Elyvilon.
Elyvilon was exalted by your worship.
You visited 2 branches of the dungeon, and saw 13 of its levels.

You collected 1085 gold pieces.
You spent 11 gold pieces at shops.

Inventory:

Hand Weapons
 a - a +3 rapier of venom
 b - a +1 hand crossbow (weapon)
 g - a +2 dagger of holy wrath
Missiles
 A - 3 silver javelins
 K - 56 bolts (quivered)
 N - 3 boomerangs
Armour
 o - a +0 pair of boots (worn)
 y - a +2 helmet (worn)
 E - a +2 buckler (worn)
 I - +0 steam dragon scales (worn)
Jewellery
 e - an amulet of reflection (around neck)
 f - a +6 ring of strength (left hand)
 j - a +4 ring of slaying (right hand)
Wands
 d - a wand of digging (7)
 u - a wand of iceblast (13)
 G - a wand of disintegration (6)
 H - a wand of acid (10)
 M - a wand of paralysis (15)
Scrolls
 c - a scroll of magic mapping
 m - a scroll of fog
 r - 8 scrolls of identify
 t - a scroll of teleportation
 v - a scroll of amnesia
 x - 4 scrolls of remove curse
 z - 6 scrolls of blinking
 C - a scroll of enchant weapon
 D - 4 scrolls of enchant armour
 F - a scroll of holy word {unknown}
 J - 2 scrolls of fear {unknown}
 L - a scroll of vulnerability {unknown}
Potions
 h - 4 potions of haste
 i - 4 potions of brilliance
 k - 2 potions of invisibility
 l - 3 potions of flight
 n - a potion of resistance
 p - 2 potions of stabbing
 q - 7 potions of curing
 s - 2 potions of mutation
 w - a potion of heal wounds
 O - a potion of magic {unknown}
Miscellaneous
 B - a tin of tremorstones (3/3)


   Skills:
 + Level 8.1 Fighting
 + Level 7.6 Short Blades
 + Level 7.6 Long Blades
 + Level 7.6 Axes
 + Level 7.6 Maces & Flails
 + Level 7.6 Polearms
 + Level 7.6 Staves
 + Level 7.6 Slings
 + Level 7.6 Bows
 + Level 9.0 Crossbows
 + Level 7.6 Throwing
 + Level 7.6 Armour
 + Level 9.0 Dodging
 + Level 7.6 Stealth
 + Level 7.6 Shields
 + Level 7.6 Unarmed Combat
 + Level 8.2 Spellcasting
 + Level 6.3 Conjurations
 + Level 8.5 Hexes
 + Level 6.3 Summonings
 + Level 6.3 Necromancy
 + Level 6.3 Translocations
 + Level 6.3 Transmutations
 + Level 6.3 Fire Magic
 + Level 6.3 Ice Magic
 + Level 6.3 Air Magic
 + Level 6.3 Earth Magic
 + Level 6.3 Poison Magic
 + Level 8.4 Invocations
 + Level 7.6 Evocations


You had 4 spell levels left.
You knew the following spells:

 Your Spells              Type           Power        Failure   Level
a - Corona                Hex            #####..      1%          1
b - Slow                  Hex            #####...     1%          2
c - Portal Projectile     Hex/Tloc       #####.       1%          3
d - Summon Mana Viper     Hex/Summ       #####...     10%         5
e - Mephitic Cloud        Conj/Pois/Air  #####...     1%          3
f - Olgreb's Toxic Radia  Pois           #####...     5%          4
g - Summon Forest         Summ/Tloc      #####.....   16%         5

Your spell library contained the following spells:

 Spells                   Type           Power        Failure   Level
 Foxfire                  Conj/Fire      ####         1%          1
 Magic Dart               Conj           ####         1%          1
 Shock                    Conj/Air       ####         1%          1
 Blink                    Tloc           N/A          1%          2
 Call Imp                 Summ           #####...     1%          2
 Poisonous Vapours        Pois/Air       #####.       1%          2
 Searing Ray              Conj           #####.       1%          2
 Swiftness                Air            #####...     1%          2
 Conjure Flame            Conj/Fire      #####...     1%          3
 Dazzling Flash           Conj/Hex       #####.       1%          3
 Inner Flame              Hex/Fire       #####...     1%          3
 Static Discharge         Conj/Air       #####...     1%          3
 Stone Arrow              Conj/Erth      #####.       1%          3
 Cause Fear               Hex            #####.....   2%          4
 Fulminant Prism          Conj/Hex       #####.....   3%          4
 Leda's Liquefaction      Hex/Erth       #####.....   3%          4
 Airstrike                Air            #####.....   5%          4
 Iskenderun's Mystic Bla  Conj/Tloc      #####...     5%          4
 Sticky Flame             Conj/Fire      #####...     5%          4
 Fireball                 Conj/Fire      #####.....   16%         5
 Iskenderun's Battlesphe  Conj           #####...     16%         5
 Lightning Bolt           Conj/Air       #####.....   16%         5
 Summon Demon             Summ           #####.....   16%         5
 Shadow Creatures         Summ           N/A          65%         6
 Summon Hydra             Summ           #####.....   99%         7


Dungeon Overview and Level Annotations

Branches:
Dungeon (11/15)            Temple (0/1) D:4            Lair (2/6) D:11
  Snake (0/4) Lair:2
  Swamp: Lair:2-4    Shoals: Lair:2-4       Orc: D:9-12

Altars:
Dithmenos
Elyvilon
Gozag
Kikubaaqudgha
Makhleb
Nemelex Xobeh
Qazlal
Ru
Sif Muna
Trog
Uskayaw
Wu Jian
Xom
Zin
The Shining One

Shops:
D:9 [   D:10 !   D:11 [


Innate Abilities, Weirdness & Mutations

Your experience applies equally to all skills.
You have very sharp teeth.
Your uncanny sense of smell can sniff out nearby items.
You are surrounded by a mild repulsion field. (EV +2)
You tend to lose your temper in combat.


Message History

Welcome back, imnewhereh the Gnoll Arcane Marksman.
Elyvilon says: Go forth and aid the weak!
Press ? for a list of commands and other information.
Saving game... please wait.
Welcome back, imnewhereh the Gnoll Arcane Marksman.
Elyvilon says: Go forth and aid the weak!
Press ? for a list of commands and other information.
Saving game... please wait.
Welcome back, imnewhereh the Gnoll Arcane Marksman.
Elyvilon says: Go forth and aid the weak!
Press ? for a list of commands and other information.
Saving game... please wait.
Welcome back, imnewhereh the Gnoll Arcane Marksman.
Elyvilon says: Go forth and aid the weak!
Press ? for a list of commands and other information.
Saving game... please wait.
Welcome back, imnewhereh the Gnoll Arcane Marksman.
Elyvilon says: Go forth and aid the weak!
Press ? for a list of commands and other information.
Are you sure you want to abandon this character and quit the game? (Confirm with "yes".)

##.........)....................≈
...............................≈≈
##....#...################.#P##≈≈
###...#### ######≈≈ #P..## #≈≈
##..# ### #≈≈ ##...# ###### ###
###.######≈≈
##.P..###.##.###P#####P#..##.#≈≈≈
................@...............≈
#........>......................≈
#.....####.#..###...#.####.....#≈
#...### #.#.## #...### ###.####
#....############.....#######.P#≈
.....P..#.#.#.##P................
.................................
#P###.#########.#.##.##.#.#P##.##
### ### ###################


There were no monsters in sight!

Vanquished Creatures
  An orc warlord (D:10)
  Snorg (D:11)
  A hydra (Lair:1)
  A two-headed ogre (D:8)
  A centaur warrior (D:10)
  Pikel (D:7)
  A cyclops (D:11)
  A manticore (D:11)
  2 cane toads
  The ghost of Tigers10182 the Poker, a novice HuWn (D:5)
  Maggie (D:9)
  Grinder (D:6)
  5 blink frogs (Lair:1)
  2 removed hippogriffs
  Sigmund (D:5)
  A nameless horror (D:11)
  Eustachio (D:5)
  15 yaks
  2 vampire mosquitoes (D:11)
  A naga (Lair:2)
  4 water moccasins
  4 removed porcupines
  2 ice beasts
  3 orc warriors
  3 necrophages
  5 ogres
  5 sky beasts
  8 wolves
  5 black bears
  4 phantoms
  8 centaurs
  A removed crocodile (Lair:2)
  A big kobold (D:8)
  6 bullfrogs
  A water moccasin zombie (D:6)
  A gnoll sergeant (D:11)
  4 scorpions
  3 wights (D:8)
  A bullfrog zombie (D:7)
  2 centaur zombies
  3 jellies
  3 quasits
  2 bullfrog skeletons
  8 orc priests
  2 centaur skeletons
  5 hounds
  11 orc wizards
  3 iguanas
  7 worker ants
  A hound skeleton (D:6)
  8 gnolls
  A worker ant zombie (D:7)
  4 adders
  A howler monkey skeleton (D:7)
  A shadow imp (D:6)
  2 white imps
  2 ufetubi
  An ooze (D:3)
  An adder zombie (D:8)
  An adder skeleton (D:7)
  4 worms
  A dart slug (D:3)
  6 leopard geckos
  36 orcs
  6 giant cockroaches
  7 goblins
  10 hobgoblins
  5 jackals (D:2)
  11 kobolds
  7 quokkas
  6 bats
  5 frilled lizards
  A leopard gecko skeleton (D:6)
  A quokka skeleton (D:6)
  9 rats
294 creatures vanquished.

Vanquished Creatures (collateral kills)
  A hydra (Lair:2)
  A two-headed ogre (D:11)
  2 cane toads
  3 rime drakes
  3 komodo dragons
  A wyvern (Lair:1)
  7 yaks
  A vampire mosquito (D:11)
  5 nagas (Lair:2)
  4 water moccasins
  2 removed porcupines (Lair:1)
  An ice beast (D:11)
  An orc warrior (D:11)
  A wolf (Lair:1)
  3 removed crocodiles
  5 bullfrogs
  A scorpion (D:11)
  2 nameless horrors
  An orc priest (D:11)
  3 orc wizards (D:11)
  A howler monkey skeleton (D:11)
  An adder (D:11)
  3 orcs (D:11)
53 creatures vanquished.

Vanquished Creatures (others)
  6 fungi
  11 plants
  A snaplasher vine (Lair:2)
18 creatures vanquished.

Grand Total: 365 creatures vanquished

Notes
Turn   | Place    | Note
-------+----------+-------------------------------------------
     0 | D:1      | imnewhereh the Gnoll Arcane Marksman began the quest for
                  | the Orb.
     0 | D:1      | Reached XP level 1. HP: 17/17 MP: 4/4
   265 | D:1      | Reached XP level 2. HP: 23/23 MP: 5/5
   514 | D:1      | Learned a level 2 spell: Slow
   703 | D:1      | Reached XP level 3. HP: 28/28 MP: 7/7
  1099 | D:1      | Gained mutation: You tend to lose your temper in combat.
                  | [potion of mutation]
  1099 | D:1      | Gained mutation: You are surrounded by a mild repulsion
                  | field. (EV +2) [potion of mutation]
  1279 | D:2      | Reached skill level 1 in Invocations
  1337 | D:2      | Found a white marble altar of Elyvilon.
  1345 | D:2      | Became a worshipper of Elyvilon the Healer
  1454 | D:2      | Reached skill level 1 in Short Blades
  1454 | D:2      | Reached skill level 1 in Long Blades
  1454 | D:2      | Reached skill level 1 in Axes
  1454 | D:2      | Reached skill level 1 in Maces & Flails
  1454 | D:2      | Reached skill level 1 in Polearms
  1454 | D:2      | Reached skill level 1 in Staves
  1454 | D:2      | Reached skill level 1 in Slings
  1454 | D:2      | Reached skill level 1 in Bows
  1454 | D:2      | Reached skill level 1 in Throwing
  1454 | D:2      | Reached skill level 1 in Armour
  1454 | D:2      | Reached skill level 1 in Stealth
  1454 | D:2      | Reached skill level 1 in Shields
  1454 | D:2      | Reached skill level 1 in Unarmed Combat
  1454 | D:2      | Reached skill level 1 in Evocations
  1461 | D:2      | Learned a level 3 spell: Portal Projectile
  1538 | D:2      | Reached XP level 4. HP: 34/34 MP: 8/8
  1879 | D:2      | Found a shadowy altar of Dithmenos.
  2084 | D:3      | Reached skill level 1 in Conjurations
  2084 | D:3      | Reached skill level 1 in Summonings
  2084 | D:3      | Reached skill level 1 in Necromancy
  2084 | D:3      | Reached skill level 1 in Translocations
  2084 | D:3      | Reached skill level 1 in Transmutations
  2084 | D:3      | Reached skill level 1 in Fire Magic
  2084 | D:3      | Reached skill level 1 in Ice Magic
  2084 | D:3      | Reached skill level 1 in Air Magic
  2084 | D:3      | Reached skill level 1 in Earth Magic
  2084 | D:3      | Reached skill level 1 in Poison Magic
  2185 | D:3      | Reached * piety under Elyvilon
  2380 | D:3      | Found a sacrificial altar of Ru.
  2613 | D:4      | Reached XP level 5. HP: 40/40 MP: 9/9
  2744 | D:4      | Noticed a phantom
  2780 | D:4      | Killed a phantom
  2780 | D:4      | Reached XP level 6. HP: 44/47 MP: 9/11
  2829 | D:4      | Reached skill level 5 in Crossbows
  2829 | D:4      | Reached skill level 5 in Dodging
  2887 | D:4      | Reached ** piety under Elyvilon
  2908 | D:4      | Found a sparkling altar of Nemelex Xobeh.
  3154 | D:4      | Found a staircase to the Ecumenical Temple.
  3158 | D:4      | Noticed an orc warrior
  3161 | D:4      | Killed an orc warrior
  3161 | D:4      | Reached XP level 7. HP: 52/52 MP: 12/12
  3422 | D:5      | Entered Level 5 of the Dungeon
  3834 | D:5      | Reached XP level 8. HP: 60/60 MP: 14/14
  3896 | D:5      | Noticed Eustachio
  3918 | D:5      | Killed Eustachio
  4062 | D:5      | Noticed Sigmund
  4069 | D:5      | Killed Sigmund
  4455 | D:6      | Found an opulent altar of Gozag.
  4455 | D:6      | Reached *** piety under Elyvilon
  4455 | D:6      | Found a shimmering blue altar of Sif Muna.
  4943 | D:6      | Found a hide-covered altar of Uskayaw.
  4943 | D:6      | Noticed a +0 dagger
  4943 | D:6      | Noticed a +0 dagger
  4999 | D:6      | Reached XP level 9. HP: 66/66 MP: 16/16
  5172 | D:6      | Found a runed translucent gate.
  5172 | D:6      | Found a runed translucent gate.
  5172 | D:6      | Found a runed translucent gate.
  5173 | D:6      | Found an opulent altar of Gozag.
  5174 | D:6      | Noticed Tigers10182's ghost (novice HuWn)
  5176 | D:6      | Found an ancient bone altar of Kikubaaqudgha.
  5177 | D:6      | Noticed Grinder
  5194 | D:6      | Killed Grinder
  5307 | D:6      | Reached skill level 5 in Spellcasting
  5651 | D:5      | Killed Tigers10182's ghost
  5651 | D:5      | Reached skill level 5 in Fighting
  6071 | D:7      | Found a glowing silver altar of Zin.
  6137 | D:7      | Reached **** piety under Elyvilon
  6233 | D:7      | Reached skill level 5 in Invocations
  6259 | D:7      | Learned a level 4 spell: Leda's Liquefaction
  6739 | D:7      | Found a burning altar of Makhleb.
  6771 | D:7      | Reached XP level 10. HP: 74/74 MP: 18/18
  6781 | D:7      | Noticed Pikel
  6797 | D:7      | Killed Pikel
  6797 | D:7      | Reached skill level 5 in Short Blades
  6797 | D:7      | Reached skill level 5 in Long Blades
  6797 | D:7      | Reached skill level 5 in Axes
  6797 | D:7      | Reached skill level 5 in Maces & Flails
  6797 | D:7      | Reached skill level 5 in Polearms
  6797 | D:7      | Reached skill level 5 in Staves
  6797 | D:7      | Reached skill level 5 in Slings
  6797 | D:7      | Reached skill level 5 in Bows
  6797 | D:7      | Reached skill level 5 in Throwing
  6797 | D:7      | Reached skill level 5 in Armour
  6797 | D:7      | Reached skill level 5 in Stealth
  6797 | D:7      | Reached skill level 5 in Shields
  6797 | D:7      | Reached skill level 5 in Unarmed Combat
  6797 | D:7      | Reached skill level 5 in Evocations
  6963 | D:7      | Found an ornate altar of the Wu Jian Council.
  8002 | D:8      | Found a stormy altar of Qazlal.
  8026 | D:8      | Identified a scroll of acquirement
  8028 | D:8      | Acquired Sif Muna's Reference Book on Excruciating
                  | Envenoming
  8034 | D:8      | Learned a level 3 spell: Mephitic Cloud
  8087 | D:8      | Noticed a two-headed ogre
  8125 | D:8      | Killed a two-headed ogre
  8883 | D:9      | Found Wownueg's Armour Boutique.
  8891 | D:9      | Bought a +0 robe for 11 gold pieces
  8906 | D:9      | Learned a level 4 spell: Olgreb's Toxic Radiance
  8951 | D:9      | Found a sparkling altar of Nemelex Xobeh.
  9033 | D:9      | Reached ***** piety under Elyvilon
  9174 | D:9      | Found a glowing golden altar of the Shining One.
  9485 | D:9      | Noticed Maggie
  9511 | D:9      | Killed Maggie
  9511 | D:9      | Reached XP level 11. HP: 74/83 MP: 1/20
 10153 | D:10     | Entered Level 10 of the Dungeon
 10637 | D:10     | Reached skill level 5 in Conjurations
 10637 | D:10     | Reached skill level 5 in Summonings
 10637 | D:10     | Reached skill level 5 in Necromancy
 10637 | D:10     | Reached skill level 5 in Translocations
 10637 | D:10     | Reached skill level 5 in Transmutations
 10637 | D:10     | Reached skill level 5 in Fire Magic
 10637 | D:10     | Reached skill level 5 in Ice Magic
 10637 | D:10     | Reached skill level 5 in Air Magic
 10637 | D:10     | Reached skill level 5 in Earth Magic
 10637 | D:10     | Reached skill level 5 in Poison Magic
 10697 | D:10     | Noticed an orc warlord
 10905 | D:10     | Killed an orc warlord
 11242 | D:10     | Found a stormy altar of Qazlal.
 11242 | D:10     | Found a bloodstained altar of Trog.
 11245 | D:10     | Noticed a centaur warrior
 11266 | D:10     | Found Peymig's Distillery.
 11345 | D:10     | Found a shimmering altar of Xom.
 11472 | D:10     | Killed a centaur warrior
 11845 | D:11     | Noticed a manticore
 11852 | D:11     | Killed a manticore
 11922 | D:11     | Learned a level 5 spell: Summon Forest
 11931 | D:11     | Learned a level 5 spell: Summon Mana Viper
 12020 | D:11     | Noticed a two-headed ogre
 12027 | D:11     | Killed a two-headed ogre
 12243 | D:11     | Noticed Snorg
 12264 | D:11     | Killed Snorg
 12409 | D:11     | Noticed a cyclops
 12439 | D:11     | Killed a cyclops
 12568 | D:11     | Found Fulua's Armour Shop.
 12931 | D:11     | Found a burning altar of Makhleb.
 13039 | D:11     | Reached XP level 12. HP: 91/91 MP: 1/23
 13180 | D:11     | Found a staircase to the Lair.
 13342 | D:11     | Found a burning altar of Makhleb.
 13705 | Lair:1   | Entered Level 1 of the Lair of Beasts
 13944 | Lair:1   | Noticed an eight-headed hydra
 13949 | Lair:1   | Killed an eight-headed hydra
 14342 | Lair:1   | Reached ****** piety under Elyvilon
 16884 | Lair:2   | Noticed a four-headed hydra
 16890 | Lair:2   | Killed a four-headed hydra
 17190 | Lair:2   | Found a staircase to the Snake Pit.
 17440 | Lair:2   | Upgraded the game from 0.26-a0-651-gb41185065b to
                  | 0.26-a0-712-ga5a9c9c9d0
 17440 | Lair:2   | Quit the game

Illustrated notes

Levels and vault maps discovered:
D:1:      minmay_arrival_semitransparent, layout_basic
D:2:      layout_loops_ring, lemuel_doored_altar,
          hangedman_abyss_or_decor_lesser_grid, elyvilon_altar_3
D:3:      layout_rooms, old_standard_altar, st_stairs_3, kennysheep_crisscross
D:4:      layout_rooms, minmay_temple_entry_proselytizer,
          nemelex_lonely_heart_becter
D:5:      layout_rooms, uniq_eustachio, uniq_sigmund
D:6:      layout_cave_pods, chequers_temple_overflow_statue_of_worship,
          dancing_weapons_uskayaw, ebering_ghost_gozag, serial_column_ruins,
          column_ruins_courtyard_long, column_ruins_circle_medium,
          column_ruins_grid_3, column_ruins_grid_1,
          column_ruins_corridor_corner, basic_altar, hangedman_decor_growths,
          uniq_grinder
D:7:      layout_gridville, kennysheep_little_box, kennysheep_mini,
          kennysheep_mini_moat, uniq_pikel
D:8:      layout_layer_cave, lemuel_crystal_altar, solitary_fountain
D:9:      layout_long_grid, nemelex_xobeh_ov_fountains_minmay,
          old_standard_altar, serial_shops, shop_statue, uniq_maggie
D:10:     layout_roguey, basic_altar, serial_shops, shop, jmf_multi_god_temple
D:11:     layout_basic, lair_entry_dummy, basic_altar, serial_shops,
          nicolae_shop_crystal, st_stairs_12, serial_bayou_lagoon_a,
          bloody_makhleb, uniq_snorg
Lair:1:   layout_big_grid, chequers_serial_rivers_small_3, nzn_random_ring
Lair:2:   wander_river, layout_long_grid, minmay_snake_entry_guardpost_medium,
          lemuel_old_faithful

Skill      XL: |  1  2  3  4  5  6  7  8  9 10 11 12 |
---------------+-------------------------------------+-----
Invocations    | 1 2 3 4 5 6 7 8 |  8.4
Short Blades   | 1 2 3 4 5 6 7 |  7.6
Long Blades    | 1 2 3 4 5 6 7 |  7.6
Axes           | 1 2 3 4 5 6 7 |  7.6
Maces & Flails | 1 2 3 4 5 6 7 |  7.6
Polearms       | 1 2 3 4 5 6 7 |  7.6
Staves         | 1 2 3 4 5 6 7 |  7.6
Slings         | 1 2 3 4 5 6 7 |  7.6
Bows           | 1 2 3 4 5 6 7 |  7.6
Throwing       | 1 2 3 4 5 6 7 |  7.6
Armour         | 1 2 3 4 5 6 7 |  7.6
Stealth        | 1 2 3 4 5 6 7 |  7.6
Shields        | 1 2 3 4 5 6 7 |  7.6
Unarmed Combat | 1 2 3 4 5 6 7 |  7.6
Evocations     | 1 2 3 4 5 6 7 |  7.6
Spellcasting   | 3 4 5 6 7 8 |  8.2
Conjurations   | 1 2 3 4 5 6 |  6.3
Summonings     | 1 2 3 4 5 6 |  6.3
Necromancy     | 1 2 3 4 5 6 |  6.3
Translocations | 1 2 3 4 5 6 |  6.3
Transmutations | 1 2 3 4 5 6 |  6.3
Fire Magic     | 1 2 3 4 5 6 |  6.3
Ice Magic      | 1 2 3 4 5 6 |  6.3
Air Magic      | 1 2 3 4 5 6 |  6.3
Earth Magic    | 1 2 3 4 5 6 |  6.3
Poison Magic   | 1 2 3 4 5 6 |  6.3
Fighting       | 3 4 5 6 7 8 |  8.1
Crossbows      | 5 6 7 8 9 |  9.0
Dodging        | 5 6 7 8 9 |  9.0
Hexes          | 6 7 8 |  8.5

Action                   |  1- 3 |  4- 6 |  7- 9 | 10-12 || total
-------------------------+-------+-------+-------+-------++-------
Melee: Dagger            |    73 |    60 |    49 |    10 ||   192
       Unarmed           |     8 |       |       |       ||     8
       Bite              |    10 |    10 |    26 |    32 ||    78
       Punch             |     1 |       |     4 |     5 ||    10
       Rapier            |       |       |   119 |   207 ||   326
       Falchion          |       |       |       |    35 ||    35
 Fire: Hand crossbow     |    17 |    18 |   101 |   265 ||   401
Throw: Boomerang         |     4 |    31 |    26 |     4 ||    65
 Cast: Corona            |       |     5 |     7 |     1 ||    13
       Slow              |       |     3 |     4 |    11 ||    18
       Portal Projectile |       |       |     2 |    20 ||    22
       Leda's Liquefacti |       |       |     5 |    12 ||    17
       Mephitic Cloud    |       |       |       |    46 ||    46
       Olgreb's Toxic Ra |       |       |       |    27 ||    27
       Summon Mana Viper |       |       |       |    65 ||    65
       Summon Forest     |       |       |       |     4 ||     4
Invok: Lesser Healing    |       |       |     1 |       ||     1
       Heal Other        |       |       |     1 |       ||     1
Evoke: Wand              |       |     3 |     4 |    14 ||    21
  Use: Potion            |     4 |     2 |       |     5 ||    11
       Scroll            |     3 |     4 |     5 |     9 ||    21
 Stab: Sleeping          |     1 |       |     1 |     1 ||     3
       Confused          |       |       |       |     5 ||     5
       Invisible         |       |       |       |     2 ||     2
       Distracted        |       |       |       |     2 ||     2
Armor: Robe              |     3 |       |       |     6 ||     9
       Ring mail         |    10 |    16 |    71 |    33 ||   130
       Steam dragon scal |       |       |       |    25 ||    25
Dodge: Dodged            |    61 |    36 |   187 |   187 ||   471
Block: Other             |       |       |       |    10 ||    10
       Buckler           |       |       |       |    49 ||    49
       Reflection        |       |       |       |     6 ||     6
       Rpst.: Falchion   |       |       |       |     7 ||     7

Table legend: (Time is in decaauts)
 A = Elapsed time spent in this place.
 B = Non-inter-level travel time spent in this place.
 C = Inter-level travel time spent in this place.
 D = Time resting spent in this place.
 E = Time spent auto-exploring this place.
 F = Levels seen in this place.
 G = Mean time per level.
                   A        B        C        D        E       F      G
               +--------+--------+--------+--------+--------+-----+--------+
         Total |  17467 |  16996 |    471 |     20 |  13933 |  13 | 1343.6 |
       Dungeon |  13697 |  13249 |    448 |     20 |  10588 |  11 | 1245.2 |
          Lair |   3769 |   3747 |     22 |      0 |   3345 |   2 | 1884.5 |
               +--------+--------+--------+--------+--------+-----+--------+

Top non-repeatable levels by time:
  Lair:1: 1975 daAuts
    D:11: 1900 daAuts
  Lair:2: 1793 daAuts
     D:8: 1732 daAuts
    D:10: 1481 daAuts
     D:9: 1442 daAuts
     D:7: 1367 daAuts
     D:6: 1264 daAuts
     D:4: 1132 daAuts
     D:1: 1103 daAuts
     D:2: 818 daAuts
     D:5: 788 daAuts
     D:3: 666 daAuts
